Cogmind - Beta 14 @@@ ROGUE MODE // 2024.11.14 @ 19:30:06 Player: Knjet Result: Destroyed by X-77 Beamer with Gatling Laser Performance ------------- Evolutions (7) 3500 Regions Visited (11) 2200 Robots Destroyed (100) 500 Value Destroyed (3260) 3260 Prototype IDs (5) 100 Alien Tech Used (1) 200 Bonus (1975) 1975 TOTAL SCORE: 11735 Bonus ------- Triggered Max Security 1000 High Alert Combat Kills 428 Follower Combat Kills 247 Aligned with FarCom 300 Cogmind --------- Core Integrity 0/1300 Matter 173/300 Energy 74/100 System Corruption 16% Temperature Cool (24) Movement Core (50) Location -3/Quarantine Parts ------- > --- POWER (2) -------- (None) > --- PROPULSION (6) --- (None) > --- UTILITY (10) ----- Improved Armor Integrity Analyzer Graphene Brace > --- WEAPON (3) ------- (None) > --- INVENTORY (5) ---- Light Particle Reactor Dual-blade Saw Peak State ------------ > --- POWER ------------ Fusion Compressor > --- PROPULSION ------- Improved Cesium-ion Thruster Improved Cesium-ion Thruster Nuclear Pulse Thruster Field Propulsion Drive Impulse Thruster Array > --- UTILITY ---------- Gravity Neutralizer Advanced Signal Interpreter Improved Terrain Scan Processor Advanced Targeting Computer Improved Armor Integrity Analyzer Advanced Transmission Jammer Improved Phase Shifter Improved Power Shielding Graphene Brace Hacking Suite > --- WEAPON ----------- Powered Hammer Dual-blade Saw > --- INVENTORY -------- Micro Antimatter Reactor Improved Surge Thruster Impulse Thruster Dual-blade Saw Dual-blade Saw [Rating: 107] Favorites ----------- Power Light Nuclear Core Engine Ion Engine Power Core Light Nuclear Core Reactor Micro Antimatter Reactor Propulsion Light Treads Treads Light Treads Flight Unit VTOL Module Utility Small Storage Unit Device Improved Sensor Array Storage Small Storage Unit Processor Visual Processing Unit Hackware Hacking Suite Protection Hardened Medium Armor Plating Weapon Assault Rifle Energy Gun Small Laser Energy Cannon YOLO Cannon Ballistic Gun Assault Rifle Ballistic Cannon Gauss Cannon Launcher Grenade Launcher Impact Weapon Powered Hammer Slashing Weapon Dual-blade Saw Build | -11 -10 -10 -10 -9 -8 -7 -6 -5 -4 -3 -3 ------- Run | Yrd Mat Min Exi Min Mat Fac Fac Fac Fac Res Qua Slots Evolved 14 | . . . . . 4 2 2 2 2 2 . Power 1 | . . . . . . . . . 1 . . Propulsion 4 | . . . . . 2 . 1 1 . . . Utility 8 | . . . . . 2 2 1 1 1 1 . Weapon 1 | . . . . . . . . . . 1 . Parts Attached 93 | 7 3 5 1 2 9 16 23 4 2 16 5 Power 18 | 1 1 1 1 . 3 2 7 . . 1 1 Engine 11 | 1 1 1 1 . 2 1 4 . . . . Core 6 | . . . . . 1 1 3 . . 1 . Reactor 1 | . . . . . . . . . . . 1 Propulsion 29 | 2 . 1 . 1 3 6 6 1 . 8 1 Treads 9 | 2 . 1 . 1 3 2 . . . . . Leg . | . . . . . . . . . . . . Wheel . | . . . . . . . . . . . . Hover . | . . . . . . . . . . . . Flight 20 | . . . . . . 4 6 1 . 8 1 Utility 26 | 2 . 1 . . 3 6 3 3 2 6 . Device 10 | 1 . 1 . . . 1 2 1 1 3 . Storage 2 | 1 . . . . 1 . . . . . . Processor 9 | . . . . . 2 3 1 . 1 2 . Hackware 2 | . . . . . . . . 2 . . . Protection 3 | . . . . . . 2 . . . 1 . Artifact . | . . . . . . . . . . . . Weapon 20 | 2 2 2 . 1 . 2 7 . . 1 3 Energy Gun 4 | 1 1 1 . . . . 1 . . . . Energy Cannon 3 | . . 1 . 1 . 1 . . . . . Ballistic Gun 5 | 1 . . . . . 1 3 . . . . Ballistic Cannon 2 | . . . . . . . 2 . . . . Launcher 1 | . 1 . . . . . . . . . . Special Weapon . | . . . . . . . . . . . . Impact Weapon 3 | . . . . . . . 1 . . . 2 Slashing Weapon 2 | . . . . . . . . . . 1 1 Piercing Weapon . | . . . . . . . . . . . . Special Melee Weapon . | . . . . . . . . . . . . Unidentified Prototypes 6 | . . . . 1 1 . 3 . . . 1 Parts Lost 51 | . . . . . 1 12 9 . 3 15 11 Power 7 | . . . . . . 2 2 . . 1 2 Propulsion 17 | . . . . . . 4 2 . 1 5 5 Utility 19 | . . . . . 1 4 2 . 2 8 2 Weapon 8 | . . . . . . 2 3 . . 1 2 Highest Loss Streak 11 | . . . . . 1 4 8 . 3 9 11 To Critical Strikes . | . . . . . . . . . . . . Average Slot Usage (%) 86 | . 100 92 100 85 83 83 76 82 88 73 39 Engine 7 | . 14 14 14 14 4 . 4 5 5 . . Core 2 | . . . . . 4 5 . . . 3 2 Treads 21 | . 28 28 28 28 30 19 . . . . . Flight 5 | . . . . . . 1 25 35 30 22 9 Device 9 | . 14 14 14 14 5 . 10 5 14 12 9 Storage 10 | . 14 14 14 14 11 13 2 . . . . Processor 10 | . . . . . 17 19 19 17 17 17 4 Protection 1 | . . . . . . 6 . . . 1 3 Energy Gun 4 | . 13 6 14 . . . 2 . . . . Energy Cannon 3 | . . . . 13 9 6 . . . . . Ballistic Gun 6 | . 14 14 14 . . 5 4 5 5 . . Peak Build Rating 107 | 9 9 14 14 30 39 45 47 58 66 107 88 Average Rating 29 | 5 9 12 12 29 35 30 39 51 62 82 61 On Entrance 30 | . 9 9 14 13 30 39 20 44 58 56 75 Naked Turns . | . . . . . . . . . . . . Heaviest Build 56 | 12 14 19 15 29 48 56 24 18 19 18 23 Greatest Support 82 | 40 40 40 40 40 82 82 34 24 24 41 30 Greatest Overweight (x) 2 | . . . . . . 1 2 . . . 1 Average Overweight (x) . | . . . . . . . . . . . . Largest Inventory Capacity 15 | 8 8 8 8 8 15 15 8 5 5 5 5 Average Capacity 8 | 6 8 8 8 8 9 13 6 5 5 5 5 Most Carried 15 | 1 8 8 8 8 14 15 8 5 5 5 5 Average Carried 7 | . 6 7 7 7 8 12 5 4 5 4 3 Final Capacity 15 | 8 8 8 8 8 15 8 5 5 5 5 5 Final Carried 14 | 1 8 8 8 8 14 6 5 5 5 3 2 Class Distribution -------------------- 42% | Mutant 22% | Scavenger-Mutant 11% | Skirmisher 6% | Sprinter 6% | Scavenger-Sprinter 5% | Scavenger-Skirmisher Dominant Class ---------------- Mutant | -10/Materials Mutant | -10/Mines Mutant | -10/Exiles Skirmisher | -9/Mines Scavenger-Mutant | -8/Materials Scavenger-Mutant | -7/Factory Scavenger-Sprinter | -6/Factory Hacker-Sprinter | -5/Factory Hacker-Scout | -4/Factory Sprinter | -3/Research Mutant | -3/Quarantine Resources | -11 -10 -10 -10 -9 -8 -7 -6 -5 -4 -3 -3 ----------- Run | Yrd Mat Min Exi Min Mat Fac Fac Fac Fac Res Qua Matter Collected 1665 | 252 245 92 . 30 90 260 324 . 50 322 . Remotely . | . . . . . . . . . . . . Salvage Created 3277 | 119 435 157 . 110 1210 638 370 . 50 188 . Parts 192 | 7 43 7 . 7 73 31 15 . 1 8 . Haulers Intercepted 3 | . . . . . 2 1 . . . . . Recyclers Shooed . | . . . . . . . . . . . . Parts Field Recycled . | . . . . . . . . . . . . Retrieved Matter . | . . . . . . . . . . . . Parts Self-Destructed . | . . . . . . . . . . . . Prevented . | . . . . . . . . . . . . Kills | -11 -10 -10 -10 -9 -8 -7 -6 -5 -4 -3 -3 ------- Run | Yrd Mat Min Exi Min Mat Fac Fac Fac Fac Res Qua Combat Hostiles Destroyed 71 | . 13 4 . 3 25 13 9 . 1 3 . Melee 2 | . . . . . . . . . . 2 . Guns 24 | . 10 3 . . . 6 5 . . . . Cannons 17 | . . . . . 9 5 3 . . . . AOE 20 | . 3 1 . 2 13 1 . . . . . Classes Destroyed 14 | 3 4 . . . 6 1 . . . . . Worker 8 | 1 2 . . . 3 2 . . . . . Builder 7 | . 1 . . 1 4 1 . . . . . Tunneler 2 | 2 . . . . . . . . . . . Hauler 3 | . . . . . 2 1 . . . . . Recycler 3 | 1 . . . . 2 . . . . . . Watcher 6 | . 2 . . . 4 . . . . . . Swarmer 17 | . 6 . . . 4 3 4 . . . . Grunt 34 | . 7 4 . 3 9 7 3 . . 1 . Brawler 2 | . . . . . 1 . 1 . . . . Duelist 2 | . . . . . 2 . . . . . . Sentry 9 | . . . . . 6 1 1 . . 1 . Hunter 2 | . . . . . 2 . . . . . . Programmer 4 | . . . . . . 2 . . 1 1 . Heavy 1 | . . . . . 1 . . . . . . Best Kill Streak 8 | 3 8 2 . 2 5 4 7 . 1 1 . Combat Bots Only 7 | . 5 2 . 2 4 3 7 . 1 1 . Max Kills in Single Turn 5 | 1 3 1 . 2 5 2 1 . 1 1 . Gunslinging . | . . . . . . . . . . . . Exploded 3 | . 2 1 . 2 3 1 . . . . . Melee 1 | . . . . . . . . . . 1 . Uniques/NPCs Destroyed . | . . . . . . . . . . . . Combat | -11 -10 -10 -10 -9 -8 -7 -6 -5 -4 -3 -3 -------- Run | Yrd Mat Min Exi Min Mat Fac Fac Fac Fac Res Qua Hostile Shots Fired 654 | . 63 8 . 24 39 100 89 . 53 105 173 Missed 227 | . 17 2 . 9 17 28 24 . 23 37 70 Damage Taken 6857 | . 519 149 . 191 425 1307 1086 . 335 1483 1362 Core 2086 | . 78 55 . 19 28 91 375 . 133 495 812 Absorbed by Shields . | . . . . . . . . . . . . Redirected to Shielding 105 | . . . . . . . . . . 35 70 Core Remaining (%) 73 | 100 . . . 39 94 37 55 100 88 . . Volleys Fired 191 | 7 42 14 . 4 44 49 31 . . . . Largest 2 | 2 2 2 . 1 1 2 2 . . . . Hottest 123 | 60 60 60 . 100 100 100 123 . . . . Shots Fired 303 | 14 83 20 . 4 44 91 47 . . . . Gun 194 | 14 78 20 . . . 43 39 . . . . Cannon 104 | . . . . 4 44 48 8 . . . . Launcher 5 | . 5 . . . . . . . . . . Special . | . . . . . . . . . . . . Kinetic 138 | 7 42 14 . . . 43 32 . . . . Thermal 154 | 7 36 . . 4 44 48 15 . . . . Explosive 5 | . 5 . . . . . . . . . . Electromagnetic 6 | . . 6 . . . . . . . . . Robot Hit Streak 12 | 4 12 7 . 1 5 12 12 . . . . Robot Miss Streak 5 | 1 5 2 . 1 2 3 3 . . . . Penetration Max . | . . . . . . . . . . . . Secondary Targets 1 | . 1 . . . . . . . . . . Max Gunslinging Chain 1 | . 1 . . . . . . . . . . Shots Hit Robots 223 | 10 47 16 . 1 19 60 29 . 9 26 6 Core Hits 128 | 4 29 9 . 4 31 28 14 . . 8 1 Critical Kills 4 | . . . . 1 2 1 . . . . . Critical Parts Destroyed 3 | . . . . . . . 1 . 1 1 . Critical Strikes 19 | . . . . 1 2 1 6 . 1 4 4 Burn 3 | . . . . . . . 3 . . . . Meltdown 4 | . . . . 1 2 1 . . . . . Destroy 1 | . . . . . . . 1 . . . . Blast 2 | . . . . . . . 2 . . . . Smash 3 | . . . . . . . . . 1 2 . Sever 6 | . . . . . . . . . . 2 4 Melee Attacks 98 | . . . . . . . 1 22 17 45 13 Impact 77 | . . . . . . . 1 22 17 34 3 Slashing 21 | . . . . . . . . . . 11 10 Piercing . | . . . . . . . . . . . . Sneak Attacks 2 | . . . . . . . . . 1 1 . Combat Hostiles 2 | . . . . . . . . . 1 1 . Follow-up Attacks 3 | . . . . . . . . . . 3 . Damage Inflicted 10244 | 131 782 274 . 454 4845 1727 685 . 420 787 139 Guns 1949 | 131 554 212 . . . 509 543 . . . . Cannons 3901 | . . . . 149 2479 1131 142 . . . . Explosions 3031 | . 228 62 . 305 2366 70 . . . . . Melee 1346 | . . . . . . . . . 420 787 139 Ramming 17 | . . . . . . 17 . . . . . Kinetic 1479 | 66 268 147 . . . 509 489 . . . . Thermal 7109 | 65 286 62 . 454 4845 1201 196 . . . . Explosive 228 | . 228 . . . . . . . . . . Electromagnetic 65 | . . 65 . . . . . . . . . Impact 1007 | . . . . . . . . . 420 587 . Slashing 339 | . . . . . . . . . . 200 139 Piercing . | . . . . . . . . . . . . Highest Corruption 16 | . . . . . . 9 5 . . 16 16 Average Corruption 7 | . . . . . . 7 5 . . 4 16 Corruption Purged . | . . . . . . . . . . . . Corruption Blocked . | . . . . . . . . . . . . Effects 19 | . . . . . . 8 3 . . 3 5 Message Errors 5 | . . . . . . 1 1 . . 1 2 Matter Fused 4 | . . . . . . 2 1 . . . 1 Energy Discharges 6 | . . . . . . 3 1 . . 1 1 Parts Rejected 1 | . . . . . . 1 . . . . . Parts Fused 1 | . . . . . . . . . . 1 . Data Loss (minor) 1 | . . . . . . . . . . . 1 Data Loss (major) 1 | . . . . . . 1 . . . . . Overload Shots . | . . . . . . . . . . . . Overflow Damage 946 | . . . . 59 636 160 . . 69 22 . Projectiles 598 | . . . . 59 424 115 . . . . . Explosions 257 | . . . . . 212 45 . . . . . Melee 91 | . . . . . . . . . 69 22 . Knockbacks 5 | . . . . . . . 2 . 3 . . Impact 3 | . . . . . . . . . 3 . . Kinetic 1 | . . . . . . . 1 . . . . Secondary 1 | . . . . . . . 1 . . . . Self-Inflicted Damage 246 | . 25 33 . . 52 136 . . . . . Shots 5 | . 1 1 . . 1 2 . . . . . Rammed 3 | . . . . . . 3 . . . . . Targets Rammed 3 | . . . . . . 3 . . . . . Kicked . | . . . . . . . . . . . . Crushed . | . . . . . . . . . . . . Highest Temperature 186 | . 45 27 . 58 32 186 48 . . 15 . Average Temperature 25 | . 19 10 . 25 10 47 18 . . 6 . Received Heat Transfer 2004 | . 180 42 . 141 126 282 396 . . 261 576 Siege Activations . | . . . . . . . . . . . . Robots Corrupted 2 | . . . . . . . . . 1 1 . Combat Hostiles 2 | . . . . . . . . . 1 1 . Parts Fried 1 | . . . . . . . . . 1 . . Impact Corruptions 6 | . . . . . . . . . 5 1 . Robots Melted 6 | . . . . 1 3 1 1 . . . . Combat Hostiles 6 | . . . . 1 3 1 1 . . . . Parts Melted 22 | . 1 . . . 13 4 4 . . . . Heat Transferred 8033 | 150 650 50 . 480 4560 1393 750 . . . . Parts Sabotaged . | . . . . . . . . . . . . Parts Stolen . | . . . . . . . . . . . . Parts Stripped . | . . . . . . . . . . . . Power Chain Reactions 1 | . . 1 . . . . . . . . . Alert | -11 -10 -10 -10 -9 -8 -7 -6 -5 -4 -3 -3 ------- Run | Yrd Mat Min Exi Min Mat Fac Fac Fac Fac Res Qua Peak Influence 1625 | 20 266 107 . 160 1125 623 421 298 203 181 1625 Initial 460 | . 13 29 . . 37 460 230 205 145 103 66 Average 325 | 5 139 45 . 133 607 462 337 248 175 141 1587 Maximum Alert Level 5 | . 1 . . . 4 2 2 1 1 . 5 Low Security (%) 44 | 100 75 100 . 100 11 . . . 96 100 . Level 1 21 | . 24 . . . 19 24 59 100 3 . . Level 2 23 | . . . . . 27 75 40 . . . . Level 3 6 | . . . . . 34 . . . . . . Level 4 1 | . . . . . 7 . . . . . . Level 5 . | . . . . . . . . . . . . High Security . | . . . . . . . . . . . . Max Security 1 | . . . . . . . . . . . 99 Squads Dispatched 25 | . 2 . . . 4 5 4 . 3 1 6 Investigation 3 | . . . . . . . . . 3 . . Extermination 2 | . . . . . . 2 . . . . . Reinforcement 9 | . 2 . . . 1 2 3 . . 1 . Assault 11 | . . . . . 3 1 1 . . . 6 Garrison . | . . . . . . . . . . . . Intercept . | . . . . . . . . . . . . Searches Triggered . | . . . . . . . . . . . . Construction Impeded 1 | . . . . . 1 . . . . . . Haulers Reinforced 1 | . . . . . . 1 . . . . . Active Scanning Responses . | . . . . . . . . . . . . Cargo Convoy Interrupts . | . . . . . . . . . . . . Stealth | -11 -10 -10 -10 -9 -8 -7 -6 -5 -4 -3 -3 --------- Run | Yrd Mat Min Exi Min Mat Fac Fac Fac Fac Res Qua Distress Signals 10 | . . . . 1 4 4 . . . . 1 Communications Jammed 5 | . . . . . . . . . . . 5 Distress Signals 5 | . . . . . . . . . . . 5 Times Spotted 149 | . 23 4 . 12 35 28 23 3 4 10 7 Peak Tracking Total 11 | . 5 2 . 5 5 7 10 2 2 6 11 Tactical Retreats 12 | . 3 . . . . 4 4 . . 1 . Traps | -11 -10 -10 -10 -9 -8 -7 -6 -5 -4 -3 -3 ------- Run | Yrd Mat Min Exi Min Mat Fac Fac Fac Fac Res Qua Traps Triggered 6 | . 1 2 . . 1 . 1 . . 1 . Indirectly . | . . . . . . . . . . . . Trap Hack Attempts . | . . . . . . . . . . . . Triggered . | . . . . . . . . . . . . Disarmed . | . . . . . . . . . . . . Reprogrammed . | . . . . . . . . . . . . Reused . | . . . . . . . . . . . . Traps Extracted . | . . . . . . . . . . . . Installed . | . . . . . . . . . . . . Triggered . | . . . . . . . . . . . . Machines | -11 -10 -10 -10 -9 -8 -7 -6 -5 -4 -3 -3 ---------- Run | Yrd Mat Min Exi Min Mat Fac Fac Fac Fac Res Qua Machines Disabled 16 | . 1 . . . 11 2 . . 1 . 1 Max in Single Turn 2 | . 1 . . . 2 2 . . 1 . 1 Machines Repaired . | . . . . . . . . . . . . Machines Dismantled . | . . . . . . . . . . . . Machines Sabotaged . | . . . . . . . . . . . . Overloaded Fab Kills . | . . . . . . . . . . . . Hacking | -11 -10 -10 -10 -9 -8 -7 -6 -5 -4 -3 -3 --------- Run | Yrd Mat Min Exi Min Mat Fac Fac Fac Fac Res Qua Machines Accessed 10 | . 1 1 . . . 1 1 1 4 1 . Terminals 9 | . 1 . . . . 1 1 1 4 1 . Fabricators . | . . . . . . . . . . . . Repair Stations . | . . . . . . . . . . . . Recycling Units . | . . . . . . . . . . . . Scanalyzers . | . . . . . . . . . . . . Garrison Access . | . . . . . . . . . . . . Total Hacks 21 | . 2 1 . . . 1 2 4 10 1 . Successful 7 | . 1 1 . . . . 1 2 2 . . Failed 14 | . 1 . . . . 1 1 2 8 1 . Catastrophic 5 | . 1 . . . . . . 1 3 . . Database Lockouts . | . . . . . . . . . . . . Manual 19 | . 2 . 1 . . 1 1 5 8 1 . Terminals 20 | . 2 . . . . 1 2 4 10 1 . Fabricators . | . . . . . . . . . . . . Repair Stations . | . . . . . . . . . . . . Recycling Units . | . . . . . . . . . . . . Scanalyzers . | . . . . . . . . . . . . Garrison Access . | . . . . . . . . . . . . Terminal Hacks 7 | . 1 1 . . . . 1 2 2 . . Record 3 | . . . . . . . 1 1 1 . . Open Door 1 | . . 1 . . . . . . . . . Level Access Points 1 | . . . . . . . . 1 . . . Branch Access Points 1 | . 1 . . . . . . . . . . Alert Level 1 | . . . . . . . . . 1 . . Fabricator Hacks . | . . . . . . . . . . . . Repair Station Hacks . | . . . . . . . . . . . . Recycling Unit Hacks . | . . . . . . . . . . . . Scanalyzer . | . . . . . . . . . . . . Garrison Access Hacks . | . . . . . . . . . . . . Unauthorized Hacks . | . . . . . . . . . . . . Terminals . | . . . . . . . . . . . . Fabricators . | . . . . . . . . . . . . Repair Stations . | . . . . . . . . . . . . Recycling Units . | . . . . . . . . . . . . Scanalyzers . | . . . . . . . . . . . . Garrison Access . | . . . . . . . . . . . . Data Cores Recovered . | . . . . . . . . . . . . Used . | . . . . . . . . . . . . Hacking Detections 9 | . 1 . . . . 1 1 2 3 1 . Full Trace Events 3 | . . . . . . . . . 3 . . Feedback Events 1 | . . . . . . . . . 1 . . Hackware Fried 1 | . . . . . . . . . 1 . . Feedback Blocked 1 | . . . . . . . . . 1 . . Robot Schematics Acquired . | . . . . . . . . . . . . Robots Built . | . . . . . . . . . . . . Authchips . | . . . . . . . . . . . . Time . | . . . . . . . . . . . . Total Robot Build Rating . | . . . . . . . . . . . . Part Schematics Acquired . | . . . . . . . . . . . . Parts Built . | . . . . . . . . . . . . Authchips . | . . . . . . . . . . . . Time . | . . . . . . . . . . . . Total Part Build Rating . | . . . . . . . . . . . . Parts Repaired . | . . . . . . . . . . . . Time . | . . . . . . . . . . . . Parts Recycled . | . . . . . . . . . . . . Recycled Matter . | . . . . . . . . . . . . Retrieved Matter . | . . . . . . . . . . . . Retrieved Components . | . . . . . . . . . . . . Parts Scanalyzed . | . . . . . . . . . . . . Part Schematics Acquired . | . . . . . . . . . . . . Parts Damaged . | . . . . . . . . . . . . Bothacking | -11 -10 -10 -10 -9 -8 -7 -6 -5 -4 -3 -3 ------------ Run | Yrd Mat Min Exi Min Mat Fac Fac Fac Fac Res Qua Used RIF Installer . | . . . . . . . . . . . . Robots Hacked . | . . . . . . . . . . . . Non-combat . | . . . . . . . . . . . . Combat . | . . . . . . . . . . . . Robot Hacks Applied . | . . . . . . . . . . . . Relay Couplers Released . | . . . . . . . . . . . . Fabnet Peak Effective % . | . . . . . . . . . . . . Robots Rewired . | . . . . . . . . . . . . Allies Hacked . | . . . . . . . . . . . . Hacks Repelled . | . . . . . . . . . . . . Allies | -11 -10 -10 -10 -9 -8 -7 -6 -5 -4 -3 -3 -------- Run | Yrd Mat Min Exi Min Mat Fac Fac Fac Fac Res Qua Total Allies 3 | . . 3 . . . . . . . . . Largest Group 3 | . . 3 3 3 2 . . . . . . Highest-Rated Group 40 | . . 40 40 40 32 . . . . . . Highest-Rated Ally 16 | . . 16 16 16 16 . . . . . . Total Orders . | . . . . . . . . . . . . Ally Attacks 79 | . . . . 39 40 . . . . . . Total Damage 1039 | . . . . 529 510 . . . . . . Kills 14 | . . . . 9 5 . . . . . . Allies Corrupted . | . . . . . . . . . . . . Allies Melted . | . . . . . . . . . . . . Intel | -11 -10 -10 -10 -9 -8 -7 -6 -5 -4 -3 -3 ------- Run | Yrd Mat Min Exi Min Mat Fac Fac Fac Fac Res Qua Robot Analysis Total . | . . . . . . . . . . . . Derelict Logs Recovered 3 | . . 2 . 1 . . . . . . . Drone Launches . | . . . . . . . . . . . . Drone Recoveries . | . . . . . . . . . . . . Exploration | -11 -10 -10 -10 -9 -8 -7 -6 -5 -4 -3 -3 ------------- Run | Yrd Mat Min Exi Min Mat Fac Fac Fac Fac Res Qua Turns Passed 6946 | 121 1206 862 377 450 1252 1295 587 212 126 340 118 Spaces Moved 5602 | 56 641 482 224 254 640 697 987 576 268 626 151 Core 17 | 7 . . . . . . 6 . . . 4 Treads 2807 | 49 641 482 224 254 640 517 . . . . . Legs . | . . . . . . . . . . . . Wheels . | . . . . . . . . . . . . Hover . | . . . . . . . . . . . . Flight 2778 | . . . . . . 180 981 576 268 626 147 Fastest Speed 17 | 50 160 160 165 165 158 29 23 23 23 17 34 Average Speed 97 | 146 160 164 165 165 162 151 25 23 23 25 40 Slowest Speed 237 | 160 160 165 165 165 165 237 150 23 23 31 109 Overloaded Moves 68 | . . . . . . . . . . 68 . Propulsion Burnouts . | . . . . . . . . . . . . Robots Hopped 6 | . . . . . . 2 3 1 . . . Cave-ins Triggered 1 | . . . . . . 1 . . . . . Exploration Rate (%) 38 | 4 84 76 60 72 56 14 30 14 7 16 24 Regions Visited 11 Branch Regions 4 Pre-discovered Areas 1 | . . 1 . . . . . . . . . Known Exits Taken 6 | . 1 . . . 1 1 1 1 1 . . Unknown Exits Taken 5 | 1 . 1 1 1 . . . . . 1 . Scrap Searched 3 | . . 1 . 2 . . . . . . . Spaces Dug 63 | . . . . 22 . . 1 20 5 13 2 Terrain Destroyed 583 | . 12 8 . 60 376 85 2 20 5 13 2 Melee 41 | . . . . . . . 1 20 5 13 2 Projectile 22 | . . . . 3 12 6 1 . . . . AOE 520 | . 12 8 . 57 364 79 . . . . . Terrain Rammed . | . . . . . . . . . . . . Walls Destroyed . | . . . . . . . . . . . . Machines Disabled . | . . . . . . . . . . . . Actions | -11 -10 -10 -10 -9 -8 -7 -6 -5 -4 -3 -3 --------- Run | Yrd Mat Min Exi Min Mat Fac Fac Fac Fac Res Qua Total 6503 | 78 738 531 235 274 723 828 1267 614 300 730 185 Wait 433 | 8 42 24 3 9 15 49 207 11 14 38 13 Move 5579 | 55 640 481 223 253 639 692 980 573 267 625 151 Hop 6 | . . . . . . 2 3 1 . . . Pick Up 57 | 1 9 2 3 3 10 11 8 2 . 7 1 Fast Attach 50 | 7 . 3 . . 6 4 16 3 2 7 2 Attach 33 | . . 1 1 1 2 11 5 1 . 8 3 Detach 4 | . . . . . 1 1 1 . . . 1 Swap 10 | . 3 1 . 1 1 1 2 . . 1 . Drop 45 | . 2 5 4 3 5 5 13 1 . 5 2 Fire 191 | 7 42 14 . 4 44 49 31 . . . . Melee 91 | . . . . . . . 1 22 17 39 12 Ram . | . . . . . . . . . . . . Kick . | . . . . . . . . . . . . Crush 3 | . . . . . . 3 . . . . . Escape Stasis . | . . . . . . . . . . . . Rewire 1 | . . . 1 . . . . . . . . Trap . | . . . . . . . . . . . . Miscellaneous . | . . . . . . . . . . . . Route ------- -11/Scrapyard -10/Materials (discovered 5 exits: [*Mat x3] / *Min / [Sub]) -10/Mines (discovered 2 exits: [*Mat] / *Exi) -10/Exiles -9/Mines -8/Materials (discovered 3 exits: *Fac x3) -7/Factory -6/Factory -5/Factory (discovered 5 exits: *Fac x4 / *Ext) -4/Factory -3/Research -3/Quarantine History --------- Turn | Location | Event 3 | -11/Scrapyard | Discovered new exit (range 15) 122 | -11/Scrapyard | Entered Materials 224 | -10/Materials | Discovered new exit (range 16) 313 | -10/Materials | Build established: Mutant 535 | -10/Materials | Discovered new exit (range 5) 675 | -10/Materials | Identified exit to Mines 1014 | -10/Materials | Discovered new exit (range 13) 1122 | -10/Materials | Discovered new exit (range 9) 1328 | -10/Materials | Entered Mines 1335 | -10/Mines | Learned 2 Materials zone layouts 1357 | -10/Mines | Met a Derelict who couldn't figure out how to use a Trap Extractor 1576 | -10/Mines | Learned location of Recycling (-9) 1708 | -10/Mines | Discovered new exit (range 10) 1947 | -10/Mines | Core integrity fell below 50% 2008 | -10/Mines | Received a Rocket Launcher from a helpful Derelict 2098 | -10/Mines | Found a hidden stash of uninstalled traps 2107 | -10/Mines | Deemed a non-threat by the Exiles lab entrance 2108 | -10/Mines | Discovered new exit (range 5) 2146 | -10/Mines | Assisted by bots powering up and referring to "LRC-V3" 2190 | -10/Mines | Entered Exiles 2190 | -10/Exiles | Accompanied by 3 allies 2235 | -10/Exiles | Met 8R-AWN 2262 | -10/Exiles | Met EX-HEX 2324 | -10/Exiles | Met EX-BIN 2347 | -10/Exiles | Aligned with FarCom system 2348 | -10/Exiles | Given EX-Vault access code 2395 | -10/Exiles | Opened EX-Vault 2405 | -10/Exiles | Found Prototype Energy Cannon 2439 | -10/Exiles | Warned to stay clear of 0b10 Research branches 2463 | -10/Exiles | Exiles lab attacked by MAIN.C 2545 | -10/Exiles | Discovered new exit (range 14) 2567 | -10/Exiles | Left Exiles lab with YOLO Cannon 2567 | -10/Exiles | Entered Mines 2567 | -9/Mines | Accompanied by 3 allies 2568 | -9/Mines | Assembled infested the area 2570 | -9/Mines | Identified YOLO Cannon 2573 | -9/Mines | Assisted by a Guerilla fighting off Assembled 2697 | -9/Mines | A weapon hastily lodged in a ceiling crevice suddenly fell to the ground 2865 | -9/Mines | Build established: Skirmisher 2923 | -9/Mines | Learned Materials stockpile data 3000 | -9/Mines | Discovered new exit (range 7) 3017 | -9/Mines | Entered Materials 3017 | -8/Materials | Accompanied by 2 allies 3017 | -8/Materials | Evolved 4 slots: Propulsion x2, Utility x2 3209 | -8/Materials | Discovered new exit (range 8) 3328 | -8/Materials | Identified exit to Factory 3684 | -8/Materials | Discovered exit to Factory (range 18) 3715 | -8/Materials | Build established: Scavenger-Skirmisher 3817 | -8/Materials | First assault squad dispatched 3875 | -8/Materials | Discovered exit to Factory (range 10) 4073 | -8/Materials | Build established: Scavenger-Mutant 4269 | -8/Materials | Entered Factory 4269 | -7/Factory | Evolved 2 slots: Utility x2 4304 | -7/Factory | Discovered new exit (range 10) 4318 | -7/Factory | Identified exit to Factory 4521 | -7/Factory | YOLO Cannon suddenly exploded 4552 | -7/Factory | Lost 4 parts (2n1u1w) 5185 | -7/Factory | Core integrity fell below 50% 5335 | -7/Factory | Crushed by falling debris 5366 | -7/Factory | Lost 4 parts (1p3u) 5469 | -7/Factory | First assault squad dispatched 5564 | -7/Factory | Entered another Factory area 5564 | -6/Factory | Evolved 2 slots: Propulsion x1, Utility x1 5886 | -6/Factory | Lost 8 parts (2p1n2u3w) 5888 | -6/Factory | Destroyed 7 combat bots 5914 | -6/Factory | First assault squad dispatched 6143 | -6/Factory | Discovered new exit (range 12) 6150 | -6/Factory | Identified exit to Factory 6151 | -6/Factory | Entered another Factory area 6151 | -5/Factory | Evolved 2 slots: Propulsion x1, Utility x1 6172 | -5/Factory | Build established: Scavenger-Sprinter 6269 | -5/Factory | Discovered new exit (range 14) 6272 | -5/Factory | Identified exit to Extension 6308 | -5/Factory | Identified exit to Factory 6363 | -5/Factory | Entered another Factory area 6363 | -4/Factory | Evolved 2 slots: Power x1, Utility x1 6444 | -4/Factory | System Shield fried by hacking feedback 6487 | -4/Factory | Discovered new exit (range 6) 6488 | -4/Factory | Identified exit to Research 6489 | -4/Factory | Entered Research 6489 | -3/Research | Evolved 2 slots: Utility x1, Weapon x1 6504 | -3/Research | Lost 3 parts (1n2u) 6580 | -3/Research | Spotted B-86 Titan 6583 | -3/Research | Lost 5 parts (1p2n1u1w) 6802 | -3/Research | System corruption reached 10% 6825 | -3/Research | Discovered new exit (range 11) 6829 | -3/Research | Entered Quarantine 6830 | -3/Quarantine | Maximum security lockdown engaged 6860 | -3/Quarantine | Found Alien Impact Weapon 6860 | -3/Quarantine | Identified Core Stripper 6861 | -3/Quarantine | Lost 11 parts (5n6u) 6921 | -3/Quarantine | Core integrity fell below 50% 6945 | -3/Quarantine | Core integrity fell below 20% 6947 | -3/Quarantine | Destroyed by X-77 Beamer with Gatling Laser Last Messages --------------- 06894_ Acquired Q-thruster. 06897_ Fusion Compressor destroyed. 06906_ System corrupted: Energy discharge (-24). 06909_ Powered Hammer destroyed. 06919_ X-77 Beamer Adv. VSS Leg severed. 06922_ X-77 Beamer Gatling Laser severed. 06923_ Q-thruster destroyed. 06927_ Impulse Thruster Array destroyed. 06929_ BCL|L74ZN78LC Map ----- +----------------------------------------------------+ | ?????????????????????????????????????????????????? | | ?????????????????????????????????????????????????? | | ?????????????????????????????????????????????????? | | ?????????????????????????????????????????????????? | | ?????????????????????????????????????????????????? | | ?????????????????????????????????????????????????? | | ?????????????????????????????????????????????????? | | ?????????????????????????????????????????????????? | | ?????????????????????????????????????????????????? | | ?????????????????????????????????????????????????? | | ?????????????????????????????????????????????????? | | ??????????????##?????????????????????????????????? | | ??????????????# ##???????????????????????????????? | | ???????????????#"####????????????????????????????? | | ???????????????# #????????????????????????????? | | ???????????????# #????????????????????????????? | | ???????????????# #????????????????????????????? | | ???????????????# #????????????????????????????? | | ???????????????# #????????????????????????????? | | ???????????????# ###########??????????????????? | | ???????????????# # """ """ #??????????????????? | | ???????????????# # """ """ #??????????????????? | | ???????????????# # """ """ #??????????????????? | | ???????????????# # #??????????????????? | | ???????????????# [x= #??????????????????? | | ???????????????# #! @] #??????????????????? | | ???????????????# # #??????????????????? | | ???????????????# # x #??????????????????? | | ???????????????# ######h####??????????????????? | | ???????????????# # h #??????????????????? | | ????????######## # w #??????????????????? | | ????????# + """ """ #??????????????????? | | ????????# # """ """ #??????????????????? | | ??####### # """ """ #??????????????????? | | # """ """ #??????????????????? | | ##########+#+######## """ """ ???????????????????? | | ???# #??# ???????????????????? | | #### #??########?????????????????????? | | / #???????????????????????????????? | | #### #???????????????????????????????? | | ???# """"""""" #???????????????????????????????? | | ???# "!""!""!" #???????????????????????????????? | | ???# """"""""" #???????????????????????????????? | | ???# """"""""" #???????????????????????????????? | | ???# """"""???????????????????????????????????? | | ???# ???????????????????????????????????????? | | ???# ???????????????????????????????????????? | | ???########??????????????????????????????????????? | | ?????????????????????????????????????????????????? | | ?????????????????????????????????????????????????? | +----------------------------------------------------+ Best States ------------- Heat Dissipation 51 Energy Generation 25 Energy Capacity 310 Matter Stores 300 Matter Capacity 300 Sight Range 18 Robot Scan Range 15 Terrain Scan Range 16 Terrain Scan Density 110 Jamming Range 16 Power Amplification 20 Additional Mass Support 12 Armor Coverage 225 Resistance: EM 25 Power Shielding 66 Phase Shifting 10 Evasion (%) 65 Targeting Accuracy 8 Armor Integrity Analysis 40 Recoil Reduction 4 Offensive Hacking 10 Defensive Hacking 10 Item Schematics ----------------- None Robot Schematics ------------------ None Fabricated ------------ Nothing Alien Tech Used ----------------- Core Stripper Achievements -------------- Alien Tech Can't Catch Me Party Time Respectable Loadout Challenges ------------ None Game ------ Seed AlertCargoInterrupter Manual? 0 Play Time 01:45:55 Cumulative 30.7 hours Start 2024.11.13 @ 18:01:36 End 2024.11.14 @ 19:30:06 Sessions 3 Manual Loads 0 Difficulty Rogue Special Mode None Game No. 57 Rogue 57 Adventurer 0 Explorer 0 Win Type - Total 0 Types 0/0/0/0/0/0/0/0/0 Lore% 13 Gallery% 27 Achievement% 26 Wizard Run 0 Options --------- Layout 2 ASCII 0 Keyboard 1 Movement Numpad Keybinds 0 Fullscreen 1 Font 32/SmallcapsGlow Map View 50x44 Zoom Use 0% Tactical HUD 1 Map Filters NONE Filters NONE Steam 1 RUN: 31d170a5-2402-4c93-a5a0-3c3668318086